 Dungeon Crawl Stone Soup version 0.26-a0-663-g36e8fdb655 (webtiles) character file.

Game seed: 7776525623179220643

13178 lunkers the Nimble (level 12, 0/120 (121) HPs)
             Began as a Kobold Delver on Oct 12, 2020.
             Was an Elder of Trog.
             Succumbed to a minotaur's poison
             ... in a Gauntlet.
             The game lasted 00:28:58 (14965 turns).

lunkers the Nimble (Kobold Delver)                 Turns: 14965, Time: 00:28:59

HP:   0/120 (121)   AC: 13    Str: 13    XL:     12   Next: 29%
MP:   12/12         EV: 25    Int: 12    God:    Trog [****..]
Gold: 594           SH:  0    Dex: 20    Spells: 11/11 levels left

rFire    + . .     SeeInvis .   a - +3 dagger (speed)
rCold    + . .     Faith    +   (shield restricted)
rNeg     . . .     Spirit   .   L - +2 leather armour {rF+}
rPois    .         Reflect  .   K - +0 helmet
rElec    .         Harm     .   F - +0 cloak {rCorr}
rCorr    +         Rampage  .   b - +1 pair of gloves {Str+3}
MR       ++...     NoTele   +   (no boots)
Stlth    ..........             J - amulet of faith
HPRegen  1.30/turn              o - +4 ring of protection
MPRegen  0.13/turn              T - ring of protection from cold

@: berserking, lethally poisoned (0 -> -5), regenerating, very quick
A: small, nightstalker 3
a: Berserk, Trog's Hand, Brothers in Arms, Renounce Religion


You were in a Gauntlet.
You worshipped Trog.
Trog was greatly pleased with you.
You visited 2 branches of the dungeon, and saw 14 of its levels.
You also visited: Gauntlet.

You collected 834 gold pieces.
You spent 240 gold pieces at shops.

Inventory:

Hand Weapons
 a - a +3 dagger of speed (weapon)
 A - a +0 morningstar of draining
 N - a +0 short sword
Missiles
 H - 16 poisoned darts (quivered)
Armour
 b - a +1 pair of gloves of strength (worn)
 l - a +0 pair of gloves
 w - the +1 cloak of Sut Kuem {*Corrode rPois Int+6}
   (You found it in a Gauntlet)

   It affects your intelligence (+6).
   It protects you from poison.
   It may corrode you when you take damage.
 F - a +0 cloak of preservation (worn)
 K - a +0 helmet (worn)
 L - a +2 leather armour of fire resistance (worn)
 M - the +2 ring mail "Xishru Ixec" {Rampage rC- Regen+ Int+6}
   (You found it on level 9 of the Dungeon)

   It affects your intelligence (+6).
   It makes you vulnerable to cold.
   It increases your rate of regeneration.
   It bestows one free step when moving towards enemies.
Jewellery
 o - a +4 ring of protection (left hand)
 t - an uncursed ring of magical power
 v - an uncursed ring of stealth
 y - an uncursed ring of see invisible
 z - an uncursed ring of flight
 J - an amulet of faith (around neck)
 P - an uncursed ring of fire
 T - a ring of protection from cold (right hand)
 W - the amulet "Pivocila" {Acrobat rC++ Int+4 Dex-4}
   (You found it in a Gauntlet)

   [amulet of the acrobat]

   It helps you evade while moving and waiting.
   It affects your intelligence (+4).
   It affects your dexterity (-4).
   It greatly protects you from cold.
Wands
 g - a wand of digging (3)
 s - a wand of paralysis (3)
 G - a wand of iceblast (3)
 I - a wand of disintegration (4)
 O - a wand of enslavement (9)
 Q - a wand of flame (20)
Scrolls
 c - a scroll of fog
 d - 3 scrolls of magic mapping
 e - 4 scrolls of fear
 h - 6 scrolls of remove curse {unknown}
 i - 4 scrolls of enchant weapon {unknown}
 k - 2 scrolls of random uselessness {unknown}
 m - a scroll of blinking {unknown}
 q - 3 scrolls of teleportation {unknown}
 x - 2 scrolls of amnesia {unknown}
 C - a scroll of immolation {unknown}
 E - 5 scrolls of enchant armour {unknown}
Potions
 f - 6 potions of lignification
 j - 3 potions of berserk rage
 n - 9 potions of curing
 p - a potion of heal wounds
 r - 4 potions of might
 u - 4 potions of stabbing
 D - 2 potions of magic
 R - a potion of haste
 U - a potion of flight
 V - 2 potions of brilliance
Miscellaneous
 B - a condenser vane (inert)


   Skills:
 + Level 11.9 Fighting
 - Level 10.0 Short Blades
 + Level 12.8 Dodging
 - Level 12.0 Stealth
 + Level 6.0 Evocations


You had 11 spell levels left.
You didn't know any spells.
Your spell library contained the following spells:

 Spells                   Type           Power        Failure   Level
 Ensorcelled Hibernation  Hex/Ice        #.....       54%         2
 Borgnjor's Vile Clutch   Necr/Erth      #.........   100%        5
 Silence                  Hex/Air        #.........   100%        5
 Shadow Creatures         Summ           N/A          100%        6


Dungeon Overview and Level Annotations

Branches:
Dungeon (13/15)            Temple (1/1) D:5             Orc (0/2) D:9
Gauntlet (1/1)
   Lair: D:8-11      Vaults: D:13-14

Altars:
Ashenzari
Cheibriados
Dithmenos
Elyvilon
Fedhas
Gozag
Hepliaklqana
Kikubaaqudgha
Makhleb
Nemelex Xobeh
Okawaru
Qazlal
Ru
Sif Muna
Trog
Uskayaw
Vehumet
Wu Jian
Xom
Yredelemnul
Zin
The Shining One

Shops:
D:5 *   D:6 (*}?   D:8 =   D:9 *

Annotations:
D:3 Ijyb
D:6 3 runed translucent doors, corevian's ghost, novice DECj
D:8 1 transporter, CougarLife's ghost, novice GnFi
D:9 2 transporters, Zenkrye's ghost, novice DrVM Gauntlet 4 transporters, exclusion: obsidian statue


Innate Abilities, Weirdness & Mutations

You are small and have problems with some larger weapons.
You are completely attuned to the shadows.


Message History

The minotaur gores you!
* * * LOW HITPOINT WARNING * * *
Unknown command.
Unknown command.
You hit the minotaur.
The minotaur is severely wounded.
* * * LOW HITPOINT WARNING * * *
You feel sick.
You hit the minotaur but do no damage.
The minotaur is severely wounded.
* * * LOW HITPOINT WARNING * * *
You feel sick.
You hit the minotaur but do no damage.
The minotaur is severely wounded.
Unknown command.
You completely miss the minotaur.
The minotaur furiously retaliates!
The minotaur headbutts you.
* * * LOW HITPOINT WARNING * * *
The minotaur is severely wounded.
You die...

8≈#..#.#.. ..#..#©.#^
8.#..#.#..
##...#..##..# ...
..8.#..#..#.
..#.#...#..#.#^.
######.#.#...#..#####
8(8§8#...#.©.#§......
..§H@'.###...#∩......
8[8§8#...#.©.#§......
######.#.#...#..#####
.....#.#...#..#....
8........8.#..#.#.#
#.##.###...#..#..#.
#........8.#..#.#.
########.§§#..#©.#
#≈8§#..#.#.


You could see a minotaur.

Vanquished Creatures
  A death ooze (Gauntlet)
  4 two-headed ogres
  A fire crab (Gauntlet)
  A manticore (D:13)
  A cyclops (D:13)
  Maurice (D:9)
  A gargoyle (D:10)
  A komodo dragon (D:12)
  An efreet (D:13)
  2 tengu conjurers (D:12)
  An ice devil (Gauntlet)
  A troll (D:13)
  A raiju (Gauntlet)
  6 slime creatures (D:12)
  A wyvern (D:10)
  3 yaks (D:9)
  A steam dragon (Gauntlet)
  2 fire bats (Gauntlet)
  5 orc warriors
  An ice beast (D:5)
  4 ogres
  A phantom (D:9)
  2 centaurs
  4 bullfrogs
  A wyvern zombie (D:8)
  3 scorpions
  5 killer bees (D:12)
  9 wights
  4 howler monkeys
  A quasit (D:9)
  2 centaur zombies
  2 bullfrog zombies
  6 hounds
  Crazy Yiuf (D:4)
  3 bullfrog skeletons
  9 orc wizards
  2 centaur skeletons
  An orc priest (D:8)
  2 jellies
  Natasha (D:4)
  Terence (D:3)
  2 iguanas
  2 worker ants
  3 worker ant zombies
  7 gnolls
  8 adders
  2 shadow imps
  3 white imps
  2 ufetubi (D:7)
  2 oozes
  2 adder skeletons
  2 worms
  3 dart slugs (D:1)
  4 leopard geckos
  47 orcs
  A ball python (D:5)
  10 bats
  3 giant cockroaches
  9 goblins
  8 hobgoblins
  14 jackals
  4 quokkas
  5 frilled lizards
  A jackal skeleton (D:5)
  7 kobolds
  3 quokka skeletons
  2 rats
256 creatures vanquished.

Vanquished Creatures (others)
  8 fungi
  32 plants
40 creatures vanquished.

Grand Total: 296 creatures vanquished

Notes
Turn   | Place    | Note
-------+----------+-------------------------------------------
     0 | D:5      | lunkers the Kobold Delver began the quest for the Orb.
     0 | D:5      | Reached XP level 1. HP: 14/14 MP: 1/1
    53 | D:5      | Noticed a hound
   135 | D:4      | Found a runed translucent door.
   138 | D:4      | Noticed Crazy Yiuf
   166 | D:4      | Noticed a scorpion
   177 | D:4      | Killed a scorpion
   177 | D:4      | Reached XP level 2. HP: 19/19 MP: 2/2
   177 | D:4      | Reached XP level 3. HP: 23/23 MP: 3/3
   177 | D:4      | Reached XP level 4. HP: 28/28 MP: 4/4
   239 | D:3      | Noticed Ijyb
  1566 | D:2      | Reached XP level 5. HP: 32/32 MP: 5/5
  1959 | D:2      | Reached skill level 5 in Short Blades
  2725 | D:3      | Noticed Terence
  2729 | D:3      | Killed Terence
  3329 | D:4      | Reached XP level 6. HP: 35/37 MP: 6/6
  4301 | D:4      | Noticed Natasha
  4311 | D:4      | Killed Natasha
  4311 | D:4      | Reached XP level 7. HP: 36/41 MP: 7/7
  4848 | D:5      | Found a sparkling altar of Nemelex Xobeh.
  5172 | D:5      | Found Qesuff's Elemental Accessories.
  5283 | D:5      | Reached skill level 10 in Stealth
  5346 | D:5      | Found a staircase to the Ecumenical Temple.
  5466 | Temple   | Entered the Ecumenical Temple
  5694 | Temple   | Became a worshipper of Trog the Wrathful
  5813 | D:6      | Found Unu Joen's Weapon Boutique.
  5875 | D:5      | Reached XP level 8. HP: 16/46 MP: 8/8
  6400 | D:6      | Found Qeigeom's Gadget Boutique.
  6407 | D:6      | Bought a condenser vane (2/2) for 240 gold pieces
  6541 | D:4      | Killed Crazy Yiuf
  6753 | D:6      | Found a runed translucent gate.
  6758 | D:6      | Found a runed translucent gate.
  6759 | D:6      | Found a runed translucent gate.
  7250 | D:6      | Found Nerpheda's Assorted Antiques.
  7314 | D:6      | Noticed corevian's ghost (novice DECj)
  7351 | D:6      | Found Muevaumuo's Magic Scroll Shoppe.
  7567 | D:7      | Found a glowing golden altar of the Shining One.
  7931 | D:7      | Reached * piety under Trog
  8218 | D:8      | Reached skill level 5 in Fighting
  8218 | D:8      | Reached skill level 5 in Dodging
  8218 | D:8      | Reached XP level 9. HP: 37/54 MP: 9/9
  8296 | D:8      | Found Lauhesk's Jewellery Boutique.
  8804 | D:8      | Noticed CougarLife's ghost (novice GnFi)
  8831 | D:8      | Found a transporter.
  8982 | D:8      | Reached skill level 1 in Evocations
  9400 | D:8      | Noticed an ancient zyme
 10169 | D:9      | Got a crude ring mail
 10180 | D:9      | Identified the +2 ring mail "Xishru Ixec" {Rampage rC-
                  | Regen+ Int+6} (You found it on level 9 of the Dungeon)
 10210 | D:9      | Found a staircase to the Orcish Mines.
 10258 | D:9      | Reached ** piety under Trog
 10456 | D:9      | Noticed Maurice
 10459 | D:9      | Killed Maurice
 10566 | D:9      | Reached XP level 10. HP: 63/63 MP: 10/10
 10659 | D:9      | Reached skill level 5 in Evocations
 10811 | D:9      | Found Rozxunen's Assorted Antiques.
 11047 | D:9      | Found a transporter.
 11069 | D:9      | Found a transporter.
 11071 | D:9      | Noticed Zenkrye's ghost (novice DrVM)
 11072 | D:9      | Noticed a catoblepas
 11072 | D:9      | Noticed a komodo dragon
 11343 | D:10     | Entered Level 10 of the Dungeon
 11611 | D:10     | Noticed a gargoyle
 11634 | D:10     | Killed a gargoyle
 11667 | D:10     | Noticed a two-headed ogre
 11697 | D:10     | Killed a two-headed ogre
 11815 | D:10     | Reached *** piety under Trog
 12920 | D:10     | Noticed a two-headed ogre
 12938 | D:10     | Killed a two-headed ogre
 12938 | D:10     | Reached XP level 11. HP: 69/69 MP: 11/11
 13090 | D:10     | Reached skill level 10 in Short Blades
 13317 | D:11     | Noticed a two-headed ogre
 13318 | D:11     | Reached skill level 10 in Dodging
 13345 | D:11     | Killed a two-headed ogre
 13604 | D:11     | You fall into a shaft and drop 2 floors!
 13730 | D:13     | Noticed a cyclops
 13733 | D:13     | Killed a cyclops
 13733 | D:13     | Reached **** piety under Trog
 13733 | D:13     | Reached skill level 10 in Fighting
 13755 | D:13     | Noticed a manticore
 13759 | D:13     | Killed a manticore
 14162 | D:12     | Noticed a two-headed ogre
 14170 | D:12     | Killed a two-headed ogre
 14173 | D:12     | Reached XP level 12. HP: 18/80 MP: 12/12
 14236 | D:12     | Found a gate leading to a gauntlet.
 14243 | Gauntlet | Entered a Gauntlet
 14249 | Gauntlet | Found a transporter.
 14275 | Gauntlet | Found a transporter.
 14278 | Gauntlet | Noticed a death ooze
 14301 | Gauntlet | Found a transporter.
 14315 | Gauntlet | Found a transporter.
 14339 | Gauntlet | Found a transporter.
 14353 | Gauntlet | Found a transporter.
 14359 | Gauntlet | Found a transporter.
 14378 | Gauntlet | Found a transporter.
 14378 | Gauntlet | Found a transporter.
 14385 | Gauntlet | Identified the ring of Ovoupn {rF+ MR+ Str+3 Int-4}
 14393 | Gauntlet | Found a transporter.
 14433 | Gauntlet | Found a transporter.
 14509 | Gauntlet | Found a transporter.
 14536 | Gauntlet | Killed a death ooze
 14568 | Gauntlet | Noticed a fire crab
 14574 | Gauntlet | Killed a fire crab
 14612 | Gauntlet | Got a translucent cloak
 14635 | Gauntlet | Identified the +1 cloak of Sut Kuem {*Corrode rPois Int+6}
                  | (You found it in a Gauntlet)
 14890 | Gauntlet | Got a steaming steel amulet
 14893 | Gauntlet | Identified the amulet "Pivocila" {Acrobat rC++ Int+4 Dex-4}
                  | (You found it in a Gauntlet)
 14935 | Gauntlet | Identified the +1 arbalest of Ilois {elec, rPois}
 14935 | Gauntlet | Identified the +6 ring mail of the Modern Demons {rN+
                  | Regen+ MP+9}
 14935 | Gauntlet | Noticed a minotaur
 14961 | Gauntlet | HP: 3/120 [minotaur/+2 dire flail of venom (14)]
 14965 | Gauntlet | HP: 1/120 [minotaur's headbutt (1)]
 14965 | Gauntlet | Succumbed to a minotaur's poison

Illustrated notes

Levels and vault maps discovered:
D:1:      minmay_arrival_shattered_statue, layout_basic
D:2:      layout_basic, minmay_between
D:3:      layout_loops_cross, uniq_ijyb, uniq_terence
D:4:      layout_basic, enter_ossuary_5, minmay_box_of_dots, uniq_natasha,
          uniq_crazy_yiuf_cottage
D:5:      layout_basic, nemelex_xobeh_ov_fountains_minmay,
          minmay_temple_entry_glass, nicolae_elemental_shop,
          corexii_checkpoint_a, grunt_ministairs_1, kennysheep_generic_room_5
D:6:      layout_loops_ring, gammafunk_ghost_split, serial_shops, shop,
          nicolae_shop_overgrown_old_shop, nicolae_shop_statue_plus, shop,
          minmay_fountain_box, hangedman_abyss_or_decor_passed, dk_vineyard_1
D:7:      layout_basic, tso_metal_star
D:8:      layout_basic, serial_shops, shop, gammafunk_ghost_abyssal_escape
D:9:      layout_cave_pools, david_orc_2, serial_shops,
          nicolae_shop_overgrown_old_shop, gammafunk_ghost_berserking_beasts,
          uniq_maurice
D:10:     layout_layer_cave, lightli_fourway_metalbox
D:11:     layout_stronghold, minmay_lair_entry_grove, minmay_door_square
D:12:     layout_basic, gauntlet_entry_generic, st_stairs_8, grunt_ministairs_11
D:13:     layout_loops_ring, evilmike_minifort, uniq_frances
Temple:   regret_index_temple_chain_breaker
Gauntlet: gammafunk_gauntlet_shortcut [gammafunk_gauntlet_arena_hedges,
          gammafunk_gauntlet_arena_grid, gammafunk_gauntlet_arena_split_diamond,
          nicolae_gauntlet_arena_grate_2, gammafunk_gauntlet_arena_mazey,
          gammafunk_gauntlet_arena_arrow_garden,
          nicolae_gauntlet_exit_dead_adventurers]

Skill      XL: |  1  2  3  4  5  6  7  8  9 10 11 |
---------------+----------------------------------+-----
Short Blades   | 4 5 6 8 9 10 | 10.0
Stealth        | 7 8 9 10 11 12 | 12.0
Dodging        | 5 7 9 12 | 12.8
Fighting       | 5 7 8 11 | 11.9
Evocations     | 4 6 |  6.0

Action                   |  1- 3 |  4- 6 |  7- 9 | 10-12 || total
-------------------------+-------+-------+-------+-------++-------
Melee: Short sword       |    16 |   305 |   489 |       ||   810
       Dagger            |       |       |    21 |   635 ||   656
Throw: Dart              |       |       |     7 |    33 ||    40
Invok: Berserk           |       |       |     3 |    11 ||    14
       Trog's Hand       |       |       |       |     3 ||     3
Evoke: Wand              |       |       |    12 |    10 ||    22
       Condenser vane    |       |       |     2 |     2 ||     4
  Use: Scroll            |       |     1 |     8 |     4 ||    13
       Potion            |       |     1 |     1 |       ||     2
 Stab: Sleeping          |     1 |    32 |    29 |    17 ||    79
       Distracted        |       |     1 |     1 |       ||     2
       Confused          |       |       |     3 |       ||     3
       Paralysed         |       |       |     2 |     2 ||     4
Armor: Leather armour    |       |    45 |   117 |    42 ||   204
Dodge: Dodged            |    15 |   176 |   292 |   338 ||   821

Table legend: (Time is in decaauts)
 A = Elapsed time spent in this place.
 B = Non-inter-level travel time spent in this place.
 C = Inter-level travel time spent in this place.
 D = Time resting spent in this place.
 E = Time spent auto-exploring this place.
 F = Levels seen in this place.
 G = Mean time per level.
                   A        B        C        D        E       F      G
               +--------+--------+--------+--------+--------+-----+--------+
         Total |  14472 |  13876 |    596 |   1430 |   9708 |  15 |  964.8 |
       Dungeon |  13539 |  12992 |    547 |   1208 |   9435 |  13 | 1041.5 |
        Temple |    243 |    195 |     48 |      0 |    194 |   1 |  243.0 |
      Gauntlet |    689 |    689 |      0 |    222 |     78 |   1 |  689.0 |
               +--------+--------+--------+--------+--------+-----+--------+

Top non-repeatable levels by time:
    D:10: 1762 daAuts
     D:4: 1742 daAuts
     D:8: 1734 daAuts
     D:5: 1434 daAuts
     D:1: 1231 daAuts
     D:9: 1165 daAuts
     D:2: 1162 daAuts
     D:6: 1010 daAuts
     D:3: 706 daAuts
     D:7: 693 daAuts
Gauntlet: 689 daAuts
    D:11: 356 daAuts
    D:13: 329 daAuts
  Temple: 243 daAuts
    D:12: 209 daAuts
